PA
CHICAGO GOLD SOX @ KENT COMETS
08/12/2041
 
TOP OF THE 1ST
Chicago Gold Sox batting - Pitching for Kent Comets : LHP Randy Ryan
Pitching: LHP Randy Ryan
Batting: LHB Doug Pollock 0-0: Foul Ball, location: 2F
0-1: Called Strike
0-2: Ball
1-2: Ground out 5-3 (Groundball, 56, EV 81.2 MPH)
Batting: RHB Niek Bendt 0-0: Ball
1-0: Foul Ball, location: 2F
1-1: Foul Ball, location: 2F
1-2: Strikes out looking
Batting: RHB Coy MacKey 0-0: Ball
1-0: Foul Ball, location: 2F
1-1: Ball
2-1: Foul Ball, location: 2F
2-2: Strikes out swinging
Top of the 1st over - 0 runs, 0 hits, 0 errors, 0 left on base; Chicago 0 - Kent 0
BOTTOM OF THE 1ST
Kent Comets batting - Pitching for Chicago Gold Sox : LHP Jesús Crisotomo
Pitching: LHP Jesús Crisotomo
Batting: RHB Alohinani Puanani 0-0: Ball
1-0: Ball
2-0: Called Strike
2-1: Ball
3-1: Base on Balls
Batting: RHB Bill Carson 0-0: Ball
1-0: Called Strike
Alohinani Puanani is caught stealing 2nd base 2-4
1-1: Ground out 6-3 (Groundball, 6, EV 88.1 MPH)
Batting: LHB Octávio Obezo 0-0: Ball
1-0: Called Strike
1-1: Foul Ball, location: 2F
1-2: Ball
2-2: Foul Ball, location: 2F
2-2: Strikes out swinging
Bottom of the 1st over - 0 runs, 0 hits, 0 errors, 0 left on base; Chicago 0 - Kent 0
TOP OF THE 2ND
Chicago Gold Sox batting - Pitching for Kent Comets : LHP Randy Ryan
Batting: RHB Ron Ficco 0-0: Foul Ball, location: 2F
0-1: Ball
1-1: Fly out, F9 (Flyball, 9D, EV 100.6 MPH)
Batting: SHB Ralph Titus 0-0: Ball
1-0: Ball
2-0: Ball
3-0: Called Strike
3-1: Base on Balls
Batting: RHB Mike O'Halloran 0-0: Ball
1-0: Called Strike
1-1: Grounds into double play, 4-6-3 (Groundball, 4, EV 90.6 MPH)
Top of the 2nd over - 0 runs, 0 hits, 0 errors, 0 left on base; Chicago 0 - Kent 0
BOTTOM OF THE 2ND
Kent Comets batting - Pitching for Chicago Gold Sox : LHP Jesús Crisotomo
Pitching: LHP Pat Peterson
Batting: LHB Numberto Pencíl 0-0: Called Strike
0-1: Foul Ball, location: 2F
0-2: Ball
1-2: Ball
2-2: Fly out, F5 (Popup, 25F, EV 82.5 MPH)
Batting: RHB Brian Myers 0-0: Ball
1-0: Called Strike
1-1: Foul Ball, location: 2F
1-2: Foul Ball, location: 2F
1-2: Fly out, F9 (Flyball, 9LDF, EV 105.0 MPH)
Batting: SHB Salvador Berrocal 0-0: Ball
1-0: Ball
2-0: Foul Ball, location: 2F
2-1: Foul Ball, location: 2F
2-2: Ball
3-2: Foul Ball, location: 2F
3-2: Base on Balls
Batting: RHB León Galiano 0-0: Called Strike
0-1: Ball
Pickoff Throw to First - Out! 1-3
Bottom of the 2nd over - 0 runs, 0 hits, 0 errors, 0 left on base; Chicago 0 - Kent 0
TOP OF THE 3RD
Chicago Gold Sox batting - Pitching for Kent Comets : LHP Randy Ryan
Batting: RHB José Rivera 0-0: Called Strike
0-1: Ball
1-1: Ball
2-1: Foul Ball, location: 2F
2-2: Foul Ball, location: 2F
2-2: Foul Ball, location: 2F
2-2: Ball
3-2: Ground out 6-3 (Groundball, 6, EV 102.5 MPH)
Batting: LHB Brad Dyer 0-0: Called Strike
0-1: Called Strike
0-2: Strikes out swinging
Pitching: RHP José Peña
Batting: RHB Bonifacio Marmolejo 0-0: Called Strike
0-1: Ball
1-1: Ball
2-1: Foul Ball, location: 2F
2-2: Fly out, F7 (Flyball, 7, EV 91.2 MPH)
Top of the 3rd over - 0 runs, 0 hits, 0 errors, 0 left on base; Chicago 0 - Kent 0
BOTTOM OF THE 3RD
Kent Comets batting - Pitching for Chicago Gold Sox : LHP Pat Peterson
Batting: RHB León Galiano 0-0: Ball
1-0: Ball
2-0: Ball
3-0: Base on Balls
Batting: SHB Jesús Muñíz 0-0: Fielders Choice at 2nd, 1-4 (Groundball, 15S, EV 65.6 MPH)
Batting: RHB Roberto Méndez 0-0: Ball
1-0: Foul Ball, location: 2F
1-1: Ball
2-1: Foul Ball, location: 2F
2-2: SINGLE (Groundball, 34D, EV 94.4 MPH)
Jesús Muñíz to second
Runner from 2nd tries for 3rd, SAFE, throw by RF made to third
Batting: RHB Alohinani Puanani 0-0: Ball
1-0: Ball
2-0: Ball
3-0: Base on Balls
Roberto Méndez to second
Batting: RHB Bill Carson 0-0: Called Strike
0-1: Ball
1-1: GRAND SLAM HOME RUN (Flyball, 7D, EV 100.6 MPH), Distance : 369 ft
Batting: LHB Octávio Obezo 0-0: Ball
1-0: Called Strike
1-1: Called Strike
1-2: Strikes out swinging
Batting: LHB Numberto Pencíl 0-0: Called Strike
0-1: Ball
1-1: Called Strike
1-2: Ball
2-2: SOLO HOME RUN (Flyball, 7D, EV 103.1 MPH), Distance : 353 ft
Pitching: RHP Armando Sosa
Batting: RHB Brian Myers 0-0: Foul Ball, location: 2F
0-1: Ball
1-1: Ball
2-1: SINGLE (Groundball, 6, EV 99.4 MPH) (infield hit)
Batting: SHB Salvador Berrocal 0-0: Ball
1-0: Called Strike
1-1: Foul Ball, location: 2F
1-2: Foul Ball, location: 2F
1-2: Fly out, F7 (Flyball, 78M, EV 92.5 MPH)
Bottom of the 3rd over - 5 runs, 4 hits, 0 errors, 1 left on base; Chicago 0 - Kent 5
TOP OF THE 4TH
Chicago Gold Sox batting - Pitching for Kent Comets : RHP José Peña
Batting: LHB Doug Pollock 0-0: Swinging Strike
0-1: Foul Ball, location: 2F
0-2: Ball
1-2: Ball
2-2: Ball
3-2: SINGLE (Line Drive, 4D, EV 94.4 MPH)
Batting: RHB Niek Bendt 0-0: Called Strike
0-1: Swinging Strike
0-2: Strikes out swinging
Batting: RHB Coy MacKey 0-0: Ball
1-0: Called Strike
1-1: Ball
2-1: Foul Ball, location: 2F
2-2: Ball
3-2: Strikes out looking
Doug Pollock steals 2nd base
Batter strikes out.
Batting: RHB Ron Ficco 0-0: Ball
1-0: Swinging Strike
1-1: Foul Ball, location: 2F
1-2: Ball
2-2: Fly out, F5 (Popup, 56S, EV 70.0 MPH)
Top of the 4th over - 0 runs, 1 hit, 0 errors, 1 left on base; Chicago 0 - Kent 5
BOTTOM OF THE 4TH
Kent Comets batting - Pitching for Chicago Gold Sox : RHP Armando Sosa
Batting: RHB León Galiano 0-0: SINGLE (Line Drive, 78M, EV 86.2 MPH)
Batting: SHB Jesús Muñíz 0-0: Ball
1-0: Foul Ball, location: 2F
1-1: Foul Ball, location: 2F
1-2: Foul Ball, location: 2F
1-2: Ball
2-2: Ball
3-2: 2-RUN HOME RUN (Flyball, 9D, EV 91.9 MPH), Distance : 362 ft
Batting: RHB Roberto Méndez 0-0: Ball
1-0: Foul Ball, location: 2F
1-1: Swinging Strike
1-2: Strikes out looking
Batting: RHB Alohinani Puanani 0-0: Ball
1-0: SINGLE (Groundball, 56D, EV 100.6 MPH)
Batting: RHB Bill Carson 0-0: Called Strike
0-1: Ball
1-1: Ball
2-1: Ball
3-1: Base on Balls
Alohinani Puanani to second
Batting: LHB Octávio Obezo 0-0: Called Strike
0-1: Swinging Strike
0-2: Ball
1-2: Strikes out swinging
Batting: LHB Numberto Pencíl 0-0: Ball
1-0: Called Strike
1-1: Ball
2-1: Called Strike
2-2: Ball
3-2: Foul Ball, location: 2F
3-2: Base on Balls
Alohinani Puanani to third
Bill Carson to second
Batting: RHB Brian Myers 0-0: Foul Ball, location: 2F
0-1: Ball
1-1: Foul Ball, location: 2F
1-2: Ball
2-2: Strikes out looking
Bottom of the 4th over - 2 runs, 3 hits, 0 errors, 3 left on base; Chicago 0 - Kent 7
TOP OF THE 5TH
Chicago Gold Sox batting - Pitching for Kent Comets : RHP José Peña
Batting: SHB Ralph Titus 0-0: Fly out, F8 (Flyball, 8RS, EV 91.9 MPH)
Batting: RHB Mike O'Halloran 0-0: Fly out, F9 (Flyball, 89S, EV 94.4 MPH)
Batting: RHB José Rivera 0-0: Ball
1-0: Ball
2-0: Called Strike
2-1: Ground out 6-3 (Groundball, 56, EV 85.6 MPH)
Top of the 5th over - 0 runs, 0 hits, 0 errors, 0 left on base; Chicago 0 - Kent 7
BOTTOM OF THE 5TH
Kent Comets batting - Pitching for Chicago Gold Sox : RHP Armando Sosa
Batting: SHB Salvador Berrocal 0-0: Called Strike
0-1: Ball
1-1: Ball
2-1: Ground out 3-1 (Groundball, 34, EV 85.6 MPH)
Batting: RHB León Galiano 0-0: Ball
1-0: Swinging Strike
1-1: Fly out, F8 (Flyball, 8LD, EV 91.9 MPH)
Batting: SHB Jesús Muñíz 0-0: Ball
1-0: Ball
2-0: Called Strike
2-1: Fly out, F9 (Flyball, 9S, EV 87.5 MPH)
Bottom of the 5th over - 0 runs, 0 hits, 0 errors, 0 left on base; Chicago 0 - Kent 7
TOP OF THE 6TH
Chicago Gold Sox batting - Pitching for Kent Comets : RHP José Peña
Batting: LHB Brad Dyer 0-0: Called Strike
0-1: Ball
1-1: Ball
2-1: Called Strike
2-2: Fly out, F3 (Line Drive, 3, EV 66.9 MPH)
Batting: RHB Bonifacio Marmolejo 0-0: Foul Ball, location: 2F
0-1: SINGLE (Groundball, 34D, EV 96.9 MPH)
Pitching: RHP Ellis Huntley
Batting: LHB Doug Pollock 0-0: Fielders Choice at 2nd, 1-6 (Groundball, P, EV 66.2 MPH)
Batting: RHB Niek Bendt 0-0: Called Strike
0-1: SINGLE (Line Drive, 56, EV 98.8 MPH)
Doug Pollock to second
Batting: RHB Coy MacKey 0-0: Ball
1-0: Ball
2-0: Ball
3-0: Called Strike
3-1: Called Strike
3-2: Base on Balls
Doug Pollock to third
Niek Bendt to second
Batting: RHB Ron Ficco 0-0: Ball
1-0: Called Strike
1-1: Called Strike
1-2: Strikes out swinging
Top of the 6th over - 0 runs, 2 hits, 0 errors, 3 left on base; Chicago 0 - Kent 7
BOTTOM OF THE 6TH
Kent Comets batting - Pitching for Chicago Gold Sox : RHP Armando Sosa
Pitching: RHP Chet Clifton
Batting: RHB Roberto Méndez 0-0: Called Strike
0-1: Ball
1-1: Ball
2-1: Swinging Strike
2-2: Foul Ball, location: 2F
2-2: Ball
3-2: Fly out, F7 (Flyball, 7, EV 91.2 MPH)
Batting: RHB Alohinani Puanani 0-0: Ball
1-0: Called Strike
1-1: Ball
2-1: Ball
3-1: SOLO HOME RUN (Flyball, 7D, EV 111.9 MPH), Distance : 353 ft
Batting: RHB Bill Carson 0-0: Ball
1-0: Ball
2-0: Foul Ball, location: 2F
2-1: Ball
3-1: Base on Balls
Batting: LHB Octávio Obezo 0-0: Foul Ball, location: 2F
0-1: Ball
1-1: Foul Ball, location: 2F
1-2: Foul Ball, location: 2F
1-2: Ball
2-2: Ball
3-2: Foul Ball, location: 2F
3-2: Ground out 5-3 (Groundball, 5S, EV 78.8 MPH)
Bill Carson to second
Batting: LHB Numberto Pencíl 0-0: Swinging Strike
0-1: Ball
1-1: Foul Ball, location: 2F
1-2: Ball
2-2: Strikes out swinging
Bottom of the 6th over - 1 run, 1 hit, 0 errors, 1 left on base; Chicago 0 - Kent 8
TOP OF THE 7TH
Chicago Gold Sox batting - Pitching for Kent Comets : RHP Ellis Huntley
Batting: SHB Ralph Titus 0-0: Swinging Strike
0-1: Swinging Strike
0-2: Foul Ball, location: 2F
0-2: Ball
1-2: Ball
2-2: Strikes out swinging
Batting: RHB Mike O'Halloran 0-0: Called Strike
0-1: Swinging Strike
0-2: Ball
1-2: Foul Ball, location: 2F
1-2: Ball
2-2: Strikes out swinging
Batting: RHB José Rivera 0-0: Ball
1-0: Ball
2-0: Called Strike
2-1: Ground out 5-3 (Groundball, 56, EV 88.1 MPH)
Top of the 7th over - 0 runs, 0 hits, 0 errors, 0 left on base; Chicago 0 - Kent 8
BOTTOM OF THE 7TH
Kent Comets batting - Pitching for Chicago Gold Sox : RHP Chet Clifton
Pinch Hitting: RHB Manny Peña 0-0: Foul Ball, location: 2F
0-1: Ball
1-1: Swinging Strike
1-2: Ball
2-2: Ball
3-2: Ground out 6-3 (Groundball, 6, EV 80.6 MPH)
Batting: SHB Salvador Berrocal 0-0: Ground out 4-3 (Groundball, 4, EV 92.5 MPH)
Batting: RHB León Galiano 0-0: Ball
1-0: Ball
2-0: Foul Ball, location: 2F
2-1: Ball
3-1: Foul Ball, location: 2F
3-2: SINGLE (Groundball, 56D, EV 105.6 MPH)
Batting: SHB Jesús Muñíz 0-0: Ball
1-0: Fly out, F8 (Line Drive, 8RD, EV 89.4 MPH)
Bottom of the 7th over - 0 runs, 1 hit, 0 errors, 1 left on base; Chicago 0 - Kent 8
TOP OF THE 8TH
Chicago Gold Sox batting - Pitching for Kent Comets : RHP Ellis Huntley
Now at 1B: Wessel Dekkers
Batting: LHB Brad Dyer 0-0: Ball
1-0: Ball
2-0: Fly out, F6 (Popup, 6, EV 66.9 MPH)
Batting: RHB Bonifacio Marmolejo 0-0: Called Strike
0-1: Called Strike
0-2: Ball
1-2: SINGLE (Line Drive, 7S, EV 86.9 MPH)
Pitching: RHP Shoichi Iwata
Batting: LHB Doug Pollock 0-0: Ball
1-0: Foul Ball, location: 2F
1-1: Ball
2-1: Ball
3-1: Base on Balls
Bonifacio Marmolejo to second
Batting: RHB Niek Bendt 0-0: Called Strike
0-1: Called Strike
0-2: Ball
1-2: Foul Ball, location: 2F
1-2: Strikes out swinging
Batting: RHB Coy MacKey 0-0: Called Strike
0-1: Swinging Strike
0-2: Ball
1-2: Ground out 1-3 (Groundball, 34S, EV 80.6 MPH)
Top of the 8th over - 0 runs, 1 hit, 0 errors, 2 left on base; Chicago 0 - Kent 8
BOTTOM OF THE 8TH
Kent Comets batting - Pitching for Chicago Gold Sox : RHP Chet Clifton
Batting: RHB Roberto Méndez 0-0: Called Strike
0-1: Swinging Strike
0-2: Foul Ball, location: 2F
0-2: SINGLE (Groundball, 34D, EV 101.2 MPH)
Batting: RHB Alohinani Puanani
Pinch Hitting: RHB Jai-guo Tian 0-0: Ball
1-0: Foul Ball, location: 2F
1-1: Fielders Choice at 2nd, 1-4 (Groundball, 25, EV 68.8 MPH)
Batting: RHB Bill Carson 0-0: Fly out, F7 (Flyball, 78D, EV 91.9 MPH)
Batting: LHB Octávio Obezo 0-0: DOUBLE (Flyball, 89D, EV 105.6 MPH)
Jai-guo Tian to third
Runner from 3rd tries for Home, SAFE, no throw by CF
Batting: LHB Numberto Pencíl 0-0: Foul Ball, location: 2F
0-1: Ball
1-1: Foul Ball, location: 2F
1-2: Fly out, F8 (Flyball, 8RS, EV 78.1 MPH)
Bottom of the 8th over - 1 run, 2 hits, 0 errors, 1 left on base; Chicago 0 - Kent 9
TOP OF THE 9TH
Chicago Gold Sox batting - Pitching for Kent Comets : RHP Shoichi Iwata
Now in CF: Jai-guo Tian
Batting: RHB Ron Ficco 0-0: Ball
1-0: Ball
2-0: Ball
3-0: Base on Balls
Batting: SHB Ralph Titus 0-0: Called Strike
0-1: Ball
1-1: Ball
2-1: Ball
3-1: Called Strike
3-2: Strikes out swinging
Batting: RHB Mike O'Halloran 0-0: Ball
Pickoff Throw to First - Error! E1
Ron Ficco to second
1-0: Ball
2-0: Ground out U3 (Groundball, 34S, EV 86.2 MPH)
Ron Ficco to third
Batting: RHB José Rivera 0-0: Called Strike
0-1: Swinging Strike
0-2: Ball
1-2: Foul Ball, location: 2F
1-2: Foul Ball, location: 2F
1-2: Strikes out looking
Top of the 9th over - 0 runs, 0 hits, 1 error, 1 left on base; Chicago 0 - Kent 9
Tuesday, January 5th, 2021 - OOTP Baseball 20.8 Build 74